 Dungeon Crawl Stone Soup version 0.17.1-3-g152610e (webtiles) character file.

67 kaze the Cudgeler (level 4, -1/27 HPs)
             Began as a Gargoyle Gladiator on Mar 28, 2016.
             Was an Initiate of Okawaru.
             Slain by Eustachio
             ... wielding a +0 rapier
              (5 damage)
             ... on level 4 of the Dungeon.
             The game lasted 00:03:02 (1240 turns).

kaze the Cudgeler (Gargoyle Gladiator)              Turns: 1240, Time: 00:03:03

Health: -1/27      AC:  9    Str: 19    XL:     4   Next: 18%
Magic:  4/4        EV: 11    Int:  9    God:    Okawaru [......]
Gold:   80         SH:  0    Dex: 10    Spells: 0 memorised, 3 levels left

rFire  . . .     SeeInvis .     a - +0 flail
rCold  . . .     Clarity  .     p - +0 ring mail
rNeg   + . .     SustAt   +     (no shield)
rPois  ∞         Gourm    .     c - +0 helmet
rElec  +         Spirit   .     (no cloak)
rCorr  .         Warding  .     (no gloves)
rMut   .         Stasis   .     (no boots)
MR     .....                    (no amulet)
Stlth  ..........               (no ring)
                                j - ring of sustain attributes

@: not resistant to hostile enchantments, extremely unstealthy
A: negative energy resistance 1, electricity resistance, unbreathing,
petrification resistance, rot immunity, AC +3
a: Renounce Religion


You were on level 4 of the Dungeon.
You worshipped Okawaru.
Okawaru was noncommittal.
You were not hungry.

You visited 1 branch of the dungeon, and saw 3 of its levels.

You collected 80 gold pieces.

Inventory:

Hand Weapons
 a - a +0 flail (weapon)
Missiles
 d - 4 throwing nets (quivered)
Armour
 c - a +0 helmet (worn)
 p - a +0 ring mail (worn)
Jewellery
 j - a ring of sustain attributes (left hand)
Scrolls
 i - a scroll of fear {unknown}
 k - 2 scrolls of identify {unknown}
 l - 3 scrolls of remove curse {unknown}
 n - a scroll of teleportation {unknown}
 o - a scroll of fog {unknown}
 u - a scroll of immolation {unknown}
Potions
 h - a potion of flight {unknown}
 r - a potion of curing {unknown}
 s - a potion of lignification {unknown}
 t - 2 potions of degeneration {unknown}
Comestibles
 e - 2 bread rations
 f - 2 beef jerkies
 g - 4 fruits
 m - 2 royal jellies


   Skills:
 + Level 2.5 Fighting
 + Level 3.7 Maces & Flails
 + Level 1.9 Throwing
 + Level 0.4 Armour
 + Level 3.2 Dodging


You had 3 spell levels left.
You didn't know any spells.

Dungeon Overview and Level Annotations

Branches:
Dungeon (4/15)
 Temple: D:4-7

Altars:
Okawaru
Qazlal

Annotations:
D:4 Eustachio


Innate Abilities, Weirdness & Mutations

You are resistant to torment.
Your stone body is resilient (AC +3).
You are immune to poison.
You resist negative energy.
You are resistant to electric shocks.
You can survive without breathing.
You are immune to petrification.
You are immune to rotting.


Message History

It was a potion of cancellation.
Your magical effects are unravelling.
You feel magically purged.
You feel a little less agile now.
The quasit bites you but does no damage.
The quasit barely misses you. The quasit misses you.
The rat completely misses you.
The shadow imp hits you but does no damage.
The rat bites you but does no damage. Eustachio completely misses you.
You barely miss Eustachio.
Eustachio is heavily wounded.
The quasit bites you but does no damage.
The quasit claws you.
* * * LOW HITPOINT WARNING * * *
The quasit barely misses you. The rat barely misses you.
The shadow imp barely misses you. The rat barely misses you.
The quasit bites you but does no damage.
The quasit claws you but does no damage. x2
Eustachio hits you with a rapier.
You die...

###.##.
#........
.........
#........
#........
##.......
######..#.(#
##@@rr...?.#
#555r....###
#...r......#
#......<...#
##........##
##......##
########


You could see Eustachio, a quasit, a crimson imp, a shadow imp and 4 rats.

Vanquished Creatures
  An adder (D:2)
  A worm (D:4)
  2 giant geckos
  A ball python (D:1)
  4 giant cockroaches
  3 goblins
  3 hobgoblins
  10 jackals
  A quokka (D:2)
  9 bats
  2 giant newts (D:2)
  7 kobolds
  8 rats
52 creatures vanquished.

Notes
Turn   | Place    | Note
--------------------------------------------------------------
     0 | D:1      | kaze the Gargoyle Gladiator began the quest for the Orb.
     0 | D:1      | Reached XP level 1. HP: 12/12 MP: 1/1
   161 | D:1      | Reached XP level 2. HP: 17/17 MP: 2/2
   676 | D:2      | Reached XP level 3. HP: 22/22 MP: 3/3
   821 | D:2      | Found a stormy altar of Qazlal.
  1021 | D:2      | Found an iron altar of Okawaru.
  1029 | D:2      | Reached XP level 4. HP: 24/27 MP: 4/4
  1047 | D:2      | Became a worshipper of Warmaster Okawaru
  1213 | D:2      | You fall through a shaft for 2 floors!
  1213 | D:4      | Noticed Eustachio
  1240 | D:4      | Slain by Eustachio

Action                   |  1- 3 |  4- 6 || total
-------------------------+-------+-------++-------
Melee: Flail             |   124 |    37 ||   161
  Use: Potion            |       |     2 ||     2
 Stab: Sleeping          |     1 |       ||     1
  Eat: Chunk             |     1 |       ||     1
